 Dungeon Crawl Stone Soup version 0.25.0-10-g039870ee82 (webtiles) character file.

Game seed: 16826805457587121282

68 Anaz the Gusty (level 3, -5/28 HPs)
             Began as a Demigod Air Elementalist on June 22, 2020.
             Killed by nerve-wracking pain
             ... invoked by a shadow imp
             ... summoned by Natasha
              (12 damage)
             ... on level 2 of the Dungeon.
             The game lasted 00:07:17 (2129 turns).

Anaz the Gusty (Demigod Air Elementalist)           Turns: 2129, Time: 00:07:17

Health: -5/28      AC:  2    Str: 13    XL:     3   Next: 73%
Magic:  5/8        EV: 13    Int: 19    God:
Gold:   138        SH:  0    Dex: 16    Spells: 0/6 levels left

rFire    . . .     SeeInvis .   h - +0 dagger
rCold    . . .     Gourm    .   (no shield)
rNeg     . . .     Faith    .   a - +0 robe
rPois    +         Spirit   .   (no helmet)
rElec    .         Reflect  .   (no cloak)
rCorr    .         Harm     .   (no gloves)
MR       .....                  (no boots)
Stlth    +++.......             (no amulet)
HPRegen  0.09/turn              e - ring of stealth
MPRegen  0.11/turn              j - ring of poison resistance

@: very slightly contaminated
A: high mp 1
a: no special abilities


You were on level 2 of the Dungeon.
You were not hungry.

You visited 1 branch of the dungeon, and saw 3 of its levels.

You collected 138 gold pieces.

Inventory:

Hand Weapons
 g - a +0 club
 h - a +0 dagger (weapon)
Armour
 a - a +0 robe (worn)
Jewellery
 e - a ring of stealth (left hand)
 j - a ring of poison resistance (right hand)
Scrolls
 b - 2 scrolls of identify {unknown}
 d - 3 scrolls of remove curse {unknown}
 i - a scroll of enchant armour {unknown}
 k - a scroll of blinking {unknown}
Potions
 f - a potion of stabbing {unknown}
 l - a potion of lignification {unknown}
 m - a potion of curing {unknown}
 o - 2 potions of heal wounds {unknown}
Comestibles
 c - 2 rations
 n - a chunk of flesh


   Skills:
 * Level 1.6 Fighting
 + Level 2.0 Dodging
 - Level 1.7 Stealth
 + Level 2.2 Spellcasting
 + Level 1.0 Conjurations
 + Level 3.4 Air Magic


You couldn't memorise any spells.
You knew the following spells:

 Your Spells              Type           Power        Failure   Level  Hunger
a - Shock                 Conj/Air       ##..         7%          1    #......
b - Swiftness             Chrm/Air       #.......     12%         2    ##.....
c - Static Discharge      Conj/Air       ##......     21%         3    ###....

Your spell library contained the following spells:

 Spells                   Type           Power        Failure   Level  Hunger
 Airstrike                Air            ###.......   36%         4    #####..
 Lightning Bolt           Conj/Air       ##........   88%         5    ######.


Dungeon Overview and Level Annotations

Branches:
Dungeon (3/15)

Annotations:
D:2 Natasha, Sigmund


Innate Abilities, Weirdness & Mutations

You have an increased reservoir of magic. (+10% MP)


Message History

Okay, then.
The shadow imp gestures at you. Pain shoots through your body!
Unknown command.
Casting: Shock (safe; 7% risk of failure)
Confirm with . or Enter, or press ? or * to list all spells.
Aiming: Shock (safe; 7% risk of failure)
Press: ? - help, Shift-Dir - straight line You miscast Shock.
Nothing appears to happen.
The shadow imp gestures at you. Pain shoots through your body!
Natasha stares at you and mumbles some strange words.
The magic dart hits you.
* * * LOW HITPOINT WARNING * * *
Unknown command.
Found 17 poisoned darts.
Natasha casts a spell.
The shadow imp gestures at you. Pain shoots through your body!
You die...

#....# #.##.# #.##.##
#.#...### #........
#.#...### #.##.##
#############.##.#
#...@.55h..##.##.####
#(########.##.##.....
#..........#######
#.#####.#### #.# ...
#### ### ..#.. ...
..# ##. .####.##.# ##
####...#.#


You could see Natasha, a white imp (summoned) and a shadow imp (summoned).

Vanquished Creatures
  Natasha (D:2)
  2 oozes (D:1)
  A worm (D:2)
  2 dart slugs
  2 leopard geckos
  A ball python (D:2)
  A giant cockroach (D:2)
  2 goblins
  2 hobgoblins
  3 kobolds
  2 bats (D:1)
  5 frilled lizards
  3 rats
27 creatures vanquished.

Notes
Turn   | Place    | Note
-------+----------+-------------------------------------------
     0 | D:1      | Anaz the Demigod Air Elementalist began the quest for the
                  | Orb.
     0 | D:1      | Reached XP level 1. HP: 14/14 MP: 5/5
   410 | D:1      | Reached skill level 3 in Air Magic
   413 | D:1      | Reached XP level 2. HP: 6/22 MP: 0/7
   417 | D:1      | Learned a level 2 spell: Swiftness
   776 | D:1      | Reached skill level 1 in Fighting
  1330 | D:2      | Found an opulent altar of Gozag.
  1371 | D:2      | Reached XP level 3. HP: 28/28 MP: 8/8
  1379 | D:2      | Learned a level 3 spell: Static Discharge
  1497 | D:2      | Noticed Sigmund
  1515 | D:3      | Found a stormy altar of Qazlal.
  1515 | D:3      | Found a burning altar of Makhleb.
  1991 | D:2      | Noticed Natasha
  1996 | D:2      | Killed Natasha
  1996 | D:2      | Reached skill level 1 in Conjurations
  2112 | D:2      | Noticed Natasha
  2129 | D:2      | Killed from afar by a shadow imp

Illustrated notes

Levels and vault maps discovered:
D:1:      dpeg_arrival_more_subterranean_lakeside_camping, layout_loops_ring
D:2:      layout_loops_ring, old_standard_altar, minmay_misc_feat_chi,
          uniq_natasha, uniq_sigmund
D:3:      layout_basic, nicolae_overflow_crystal_walls,
          overflow_temple_1_default, first_ration, serial_park_tiny_pond,
          eino_tiny_chamber

Skill      XL: |  1  2  3 |
---------------+----------+-----
Air Magic      | 3 |  3.4
Fighting       | 1 |  1.6
Spellcasting   | 2 |  2.2
Dodging        | 2 |  2.0
Conjurations   | 1 |  1.0
Stealth        | |  1.7

Action                   || total
-------------------------++-------
Melee: Dagger            ||    72
       Unarmed           ||    13
 Cast: Shock             ||    22
 Stab: Sleeping          ||     9
  Eat: Chunk             ||     4
Armor: Robe              ||    16
Dodge: Dodged            ||    59
